 Dungeon Sprint DCSS version 0.19-a0-1682-g5114f93 (webtiles) character file.

76213 Saways the Slayer (level 15, 0/144 HPs)
             Began as a Mummy Fighter on Sept 24, 2016.
             Was the Champion of Makhleb.
             Slain by a titan (glowing shapeshifter) (22 damage)
             ... in the Dungeon (Sprint V: "Ziggurat Sprint").
             The game lasted 00:08:01 (1550 turns).

Saways the Slayer (Mummy Fighter)                   Turns: 1550, Time: 00:08:02

Health: 0/144      AC: 18    Str: 27    XL:     15   Next: 11%
Magic:  0/17       EV: 13    Int:  8    God:    Makhleb [******]
Gold:   0          SH: 35    Dex: 28    Spells: 0 memorised, 14 levels left

rFire  + + .     SeeInvis +     v - +14 obsidian axe {chop, +Fly SInv *Curse} (curse)
rCold  + + .     Gourm    .     e - +8 fire dragon armour
rNeg   + + +     Faith    .     w - +18 shield of the Gong {rElec rN+ MR+ EV-5}
rPois  ∞         Spirit   .     R - -2 hat of the Alchemist {rElec rPois rF+ rC+ rN+ MR+ rMut rCorr}
rElec  +         Dismiss  .     N - +1 cloak "Qaleyblu" {rElec rC+ Slay+3}
rCorr  +         Reflect  .     K - +0 pair of fencer's gloves {+Riposte Dex+6}
rMut   +         Harm     .     (no boots)
MR     +++..     NoTele   +     C - amulet of regeneration
Stlth  +++.......               q - +6 ring of dexterity
                                t - +6 ring of strength

@: corroded, mesmerised, studying Polearms
A: no food or potions, fire vulnerability, cold resistance 1, negative energy
resistance 3, torment resistance, unbreathing, in touch with death 1
a: Minor Destruction, Lesser Servant of Makhleb, Major Destruction, Greater
Servant of Makhleb, Renounce Religion, Evoke Flight


You were in the Dungeon.
You worshipped Makhleb.
Makhleb was exalted by your worship.
You were not hungry.

You visited 1 branch

Inventory:

Hand Weapons
 a - a +0 war axe
 v - the cursed +14 obsidian axe (weapon) {chop, +Fly SInv *Curse}
   (You found it in the Dungeon)

   It inflicts extra damage upon your enemies.
   It lets you see invisible.
   It lets you fly.
   It may re-curse itself when equipped.
   It has a curse placed upon it.
 F - the +7 sceptre of Torment
   (You found it in the Dungeon)
 J - the +9 staff of Wucad Mu {channel}
   (You found it in the Dungeon)
Armour
 b - a +0 scale mail
 c - a +0 shield
 e - a +8 fire dragon armour (worn)
 w - the +18 shield of the Gong (worn) {rElec rN+ MR+ EV-5}
   (You found it in the Dungeon)

   It affects your evasion (-5).
   It insulates you from electricity.
   It protects you from negative energy.
   It affects your resistance to hostile enchantments.
 K - the +0 pair of fencer's gloves (worn) {+Riposte Dex+6}
   (You found it in the Dungeon)

   It affects your dexterity (+6).
 N - the +1 cloak "Qaleyblu" (worn) {rElec rC+ Slay+3}
   (You found it in the Dungeon)

   It affects your accuracy and damage with ranged weapons and melee attacks
   (+3).
   It protects you from cold.
   It insulates you from electricity.
 O - a +2 helmet of intelligence
 Q - the +3 hat of Pondering {ponderous, MR+ MP+10 Int+5}
   (You found it in the Dungeon)

   It affects your intelligence (+5).
   It affects your resistance to hostile enchantments.
   It affects your magic capacity (+10).
 R - the -2 hat of the Alchemist (worn) {rElec rPois rF+ rC+ rN+ MR+ rMut rCorr}
   (You found it in the Dungeon)

   It protects you from fire.
   It protects you from cold.
   It insulates you from electricity.
   It protects you from poison.
   It protects you from negative energy.
   It affects your resistance to hostile enchantments.
   It protects you from acid and corrosion.
   It protects you from mutation.
Jewellery
 p - a +6 ring of dexterity
 q - a +6 ring of dexterity (right hand)
 r - a +6 ring of intelligence
 s - a +6 ring of intelligence
 t - a +6 ring of strength (left hand)
 u - a +6 ring of strength
 B - the ring "Hyixeita" {rPois rF+ SInv}
   (You found it in the Dungeon)

   [ring of protection from fire]

   It protects you from fire.
   It protects you from poison.
   It lets you see invisible.
 C - an amulet of regeneration (around neck)
 D - an uncursed ring of protection from magic
 E - the ring of Zapn {rElec rPois rF+ Int-2}
   (You found it in the Dungeon)

   [ring of poison resistance]

   It affects your intelligence (-2).
   It protects you from fire.
   It insulates you from electricity.
   It protects you from poison.
 G - the amulet of Gabekat {Spirit rF- Int+4 Dex+6}
   (You found it in the Dungeon)

   [amulet of guardian spirit]

   It causes incoming damage to be split between your health and magic.
   It affects your intelligence (+4).
   It affects your dexterity (+6).
   It makes you vulnerable to fire.
 L - the ring of Nugho {rElec rPois Int+4}
   (You found it in the Dungeon)

   [ring of intelligence]

   It affects your intelligence (+4).
   It insulates you from electricity.
   It protects you from poison.
 P - the cursed ring "Deoth" {rPois rN++ AC-3}
   (You found it in the Dungeon)

   [ring of protection]

   It affects your AC (-3).
   It protects you from poison.
   It greatly protects you from negative energy.
   It has a curse placed upon it.
 U - the ring of Music {rPois rC+}
   (You found it in the Dungeon)

   [ring of poison resistance]

   It protects you from cold.
   It protects you from poison.
Wands
 l - a wand of disintegration (7/24)
 m - a wand of iceblast (5/15)
 n - a wand of lightning (5/15)
 o - a wand of acid (5/15)
 z - a wand of hasting (0/9)
 T - a wand of iceblast (9/15)
Scrolls
 d - 4 scrolls of blinking
 f - 4 scrolls of amnesia
 g - 3 scrolls of recharging
 h - 7 scrolls of fog
 i - 5 scrolls of identify
 j - 4 scrolls of remove curse
 k - 2 scrolls of fear
 x - 2 scrolls of brand weapon
 y - a scroll of enchant armour
 S - 4 scrolls of enchant weapon
Books
 M - a manual of Polearms
Miscellaneous
 A - 3 sacks of spiders
 H - a phantom mirror
 I - a box of beasts


   Skills:
 + Level 21.3 Fighting
 + Level 21.3 Axes
 + Level 10.6 Armour
 + Level 7.9 Dodging
 + Level 7.9 Stealth
 + Level 18.6 Shields
 + Level 2.7 Evocations


You had 14 spell levels left.
You didn't know any spells.

Dungeon Overview and Level Annotations

Branches:
Dungeon (1/1)

Altars:
Ashenzari
Cheibriados
Dithmenos
Elyvilon
Fedhas
Gozag
Hepliaklqana
Kikubaaqudgha
Makhleb
Nemelex Xobeh
Okawaru
Qazlal
Ru
Sif Muna
Trog
Uskayaw
Vehumet
Xom
Yredelemnul
Zin
The Shining One
Beogh
Jiyva
Lugonu


Innate Abilities, Weirdness & Mutations

You do not eat or drink.
Your flesh is vulnerable to fire.
You are immune to poison.
Your flesh is cold resistant. (rC+)
You are immune to negative energy. (rN+++)
You are immune to unholy pain and torment.
You can survive without breathing.
You are in touch with the powers of death.


Message History

You slice the titan!! You slash the caustic shrike!
You completely miss the titan. You slice the ghost moth!!
You hit the hellephant.
Visions of slaying the hellephant flood into your mind.
You block the caustic shrike's attack.
SHROANNG!
You block the caustic shrike's attack.
PTOANNNG!
The shard shrike claws you. The shard shrike freezes you! You resist.
* * * LOW HITPOINT WARNING * * *
The wind drake flaps its wings at you. The air twists around and strikes you!
* * * LOW HITPOINT WARNING * * *
Your catoblepas breathes a plume of calcifying dust at the lindwurm.
The blast of calcifying dust hits the polar bear.
The blast of calcifying dust hits the lindwurm.
The snapping turtle bites you from afar!
* * * LOW HITPOINT WARNING * * *
The titan hits you!!
You die...

▓▓▓▓▓▓▓▓▓▓▓▓▓▓▓▓........
......8©8......▓........
..)}=[[):|}:?..▓........
..|[:|§)§:S}:..▓........
....)\§§H=)....▓....†.†.
...Chk.HCDkm...▓..▓.....
...YDtkCDts....▓.▓▓▓....
.....yYbC......▓..▓.....
....YCy@bD.....▓........
......bC3......▓........
...............▓▓▓▓▓▓▓▓▓
...▓.......▓... ..
▓▓.....▓▓ ..
...▓.......▓...
...............
...............
▓▓▓▓▓▓▓▓▓▓▓▓▓▓▓


You could see a hellephant, a hellephant shaped shifter, a shadow dragon shaped
shifter, 4 titan shaped shifters, 2 caustic shrike shaped shifters, a shard
shrike shaped shifter, 2 fire dragon shaped shifters, a death drake shaped
shifter, an alligator shaped shifter, a ghost moth shaped shifter (invisible), a
swamp dragon shaped shifter, a snapping turtle, a hill giant shaped shifter, a
wind drake shaped shifter, 2 manticore shaped shifters, a lindwurm shaped
shifter, a cyclops shaped shifter, a mana viper shaped shifter, a polar bear, a
water nymph shaped shifter, a redback shaped shifter, a meliai shaped shifter, a
friendly catoblepas shaped shifter and a friendly smoke demon.

Vanquished Creatures
  4 greater mummies (D)
  Saint Roka (D)
  Nikola (D)
  A deep elf blademaster (D)
  A lich (D)
  2 deep elf master archers (D)
  Gastronok (D)
  Agnes (D)
  2 shadow dragons (D)
  A storm dragon (D)
  A ghoul (D)
  A deep elf annihilator (D)
  3 mummy priests (D)
  2 deep elf high priests (D)
  Josephine (D)
  8 spriggan air magi (D)
  5 dancing weapons (D)
  A death scarab (D)
  A satyr (D)
  3 spriggan berserkers (D)
  2 soul eaters (D)
  A deep elf knight (D)
  A skeletal warrior (D)
  5 deep elf magi (D)
  An oklob plant (D)
  2 necromancers (D)
  An orc sorcerer (D)
  2 toenail golems (D)
  Psyche (D)
  An orange demon (D)
  A dryad (D)
  9 guardian mummies (D)
  A troll (D)
  3 wind drakes (D)
  4 merfolk (D)
  A wind drake (shapeshifter) (D)
  3 flying skulls (D)
  A shadow (D)
  2 water elementals (D)
  2 air elementals (D)
  3 ushabtiu (D)
  A vampire (D)
  A tarantella (D)
  A ynoxinul (D)
  Grum (D)
  A yak (D)
  A steam dragon (D)
  A chaos spawn (D)
  A neqoxec (D)
  Menkaure (D)
  4 insubstantial wisps (D)
  A water moccasin (D)
  A porcupine (shapeshifter) (D)
  A hell hound (D)
  4 porcupines (D)
  4 orc warriors (D)
  An ice beast (D)
  2 ogres (D)
  5 centaurs (D)
  A wolf (D)
  A bullfrog (D)
  2 earth elementals (D)
  Dowan (D)
  2 wights (D)
  3 crimson imps (D)
  2 quasits (D)
  2 orc wizards (D)
  3 iron imps (D)
  Ijyb (D)
  An iguana (D)
  15 mummies (D)
  3 adders (D)
  2 shadow imps (D)
  2 white imps (D)
  2 ufetubi (D)
  A spectral adder (D)
  3 adder zombies (D)
  An adder skeleton (D)
  2 spectral bats (D)
  A bat skeleton (D)
  2 bat zombies (D)
  A ball python (D)
  A giant cockroach simulacrum (D)
  3 giant cockroach zombies (D)
  A jackal zombie (D)
  2 leopard gecko skeletons (D)
  A quokka skeleton (D)
  2 crawling corpses (D)
184 creatures vanquished.

Vanquished Creatures (collateral kills)
  A vampire knight (D)
  Nessos (D)
  A dire elephant (D)
  A spriggan air mage (D)
  Harold (D)
  A dancing weapon (D)
  2 death scarabs (D)
  Sonja (D)
  A wretched star (D)
  A toenail golem (D)
  Joseph (D)
  A guardian mummy (D)
  Sigmund (D)
  A tarantella (D)
  A steam dragon (D)
  A neqoxec (D)
  An orc warrior (D)
  An earth elemental (D)
  A scorpion (D)
  Terence (D)
  A mummy (D)
  2 white imps (D)
  A bat zombie (D)
  2 butterflies (D)
27 creatures vanquished.

Vanquished Creatures (others)
  Louise (D)
  Eustachio (D)
2 creatures vanquished.

Grand Total: 213 creatures vanquished

Notes
Turn   | Place    | Note
-------+----------+-------------------------------------------
     0 | D        | Saways the Mummy Fighter began the quest for the Orb.
     0 | D        | Reached XP level 1. HP: 18/18 MP: 1/1
    15 | D        | Found a deep blue altar of Sif Muna.
    15 | D        | Found a bloodstained altar of Trog.
    15 | D        | Found a sacrificial altar of Ru.
    15 | D        | Found a stormy altar of Qazlal.
    15 | D        | Found an iron altar of Okawaru.
    16 | D        | Found a sparkling altar of Nemelex Xobeh.
    16 | D        | Found a blossoming altar of Fedhas.
    17 | D        | Found an ancient bone altar of Kikubaaqudgha.
    17 | D        | Found a viscous altar of Jiyva.
    17 | D        | Found a corrupted altar of Lugonu.
    17 | D        | Found a hazy altar of Hepliaklqana.
    17 | D        | Found a burning altar of Makhleb.
    17 | D        | Found an opulent altar of Gozag.
    50 | D        | Became a worshipper of Makhleb the Destroyer
    59 | D        | Entered arena 1.
    59 | D        | Noticed a steam dragon
    59 | D        | Noticed a steam dragon
    62 | D        | Killed a steam dragon
    62 | D        | Reached skill level 5 in Armour
    62 | D        | Reached XP level 2. HP: 11/28 MP: 2/2
    62 | D        | Reached XP level 3. HP: 14/34 MP: 3/3
    62 | D        | Reached XP level 4. HP: 17/40 MP: 4/4
    63 | D        | Killed a steam dragon
    63 | D        | Reached skill level 5 in Shields
    63 | D        | Reached XP level 5. HP: 20/48 MP: 5/5
   236 | D        | Entered arena 2.
   236 | D        | Noticed a tarantella
   236 | D        | Noticed a tarantella
   243 | D        | Killed a tarantella
   243 | D        | Reached * piety under Makhleb
   243 | D        | Reached XP level 6. HP: 6/56 MP: 6/6
   243 | D        | HP: 1/56 [tarantella (5)]
   244 | D        | Killed a tarantella
   244 | D        | Reached skill level 5 in Axes
   244 | D        | Reached XP level 7. HP: 2/63 MP: 7/7
   554 | D        | Entered arena 3.
   556 | D        | Reached ** piety under Makhleb
   559 | D        | Reached *** piety under Makhleb
   569 | D        | Entered arena 4.
   569 | D        | Noticed a deep elf mage
   569 | D        | Noticed a water elemental
   569 | D        | Noticed a short sword of electrocution
   569 | D        | Noticed a trident of pain
   571 | D        | Killed a short sword of electrocution
   571 | D        | Reached skill level 1 in Dodging
   571 | D        | Reached XP level 8. HP: 72/72 MP: 8/8
   574 | D        | Reached skill level 10 in Fighting
   575 | D        | Killed a deep elf mage
   582 | D        | Killed a trident of pain
   582 | D        | Reached **** piety under Makhleb
   582 | D        | Reached XP level 9. HP: 55/79 MP: 9/9
   702 | D        | Entered arena 5.
   706 | D        | Reached ***** piety under Makhleb
   714 | D        | Got the ring "Hyixeita" {rPois rF+ SInv}
   716 | D        | Entered arena 6.
   723 | D        | Reached skill level 1 in Stealth
   735 | D        | Entered arena 7.
   735 | D        | Noticed a toenail golem
   735 | D        | Noticed a toenail golem
   735 | D        | Noticed a toenail golem
   741 | D        | Killed a toenail golem
   741 | D        | Reached skill level 10 in Shields
   744 | D        | Killed a toenail golem
   744 | D        | Reached ****** piety under Makhleb
   744 | D        | Reached skill level 10 in Axes
   747 | D        | Killed a toenail golem
   747 | D        | Reached XP level 10. HP: 88/88 MP: 10/10
   754 | D        | Got the ring of Zapn {rElec rPois rF+ Int-2}
   756 | D        | Entered arena 8.
   779 | D        | Entered arena 9.
   801 | D        | Entered arena 10.
   802 | D        | Identified the +8 glaive "Noychaic" {elec, Stlth+}
   820 | D        | Got the amulet of Gabekat {Spirit rF- Int+4 Dex+6}
   823 | D        | Entered arena 11.
   824 | D        | Noticed an orange demon
   824 | D        | Noticed a wretched star
   827 | D        | Noticed a soul eater
   835 | D        | Killed a wretched star
   838 | D        | Killed an orange demon
   851 | D        | Entered arena 12.
   852 | D        | Noticed an orc sorcerer
   859 | D        | Killed an orc sorcerer
   859 | D        | Reached XP level 11. HP: 76/96 MP: 11/11
   861 | D        | Reached skill level 5 in Dodging
   886 | D        | Entered arena 13.
   887 | D        | Noticed a vampire knight
   888 | D        | Noticed a lich
   890 | D        | Noticed a necromancer
   891 | D        | Noticed a necromancer
   891 | D        | Noticed a skeletal warrior
   896 | D        | Killed a necromancer
   897 | D        | Noticed a soul eater
   900 | D        | Killed a lich
   903 | D        | Killed a necromancer
   905 | D        | Killed a vampire knight
   908 | D        | Killed a skeletal warrior
   919 | D        | Got the ring of Nugho {rElec rPois Int+4}
   930 | D        | Entered arena 14.
   931 | D        | Noticed a storm dragon
   931 | D        | Noticed a spriggan air mage
   932 | D        | Noticed a spriggan air mage
   932 | D        | Noticed a spriggan air mage
   932 | D        | Noticed a spriggan air mage
   932 | D        | Noticed a spriggan air mage
   942 | D        | Killed a spriggan air mage
   942 | D        | Reached skill level 15 in Axes
   944 | D        | Killed a spriggan air mage
   945 | D        | Killed a spriggan air mage
   947 | D        | Killed a storm dragon
   947 | D        | Reached XP level 12. HP: 105/105 MP: 12/12
   949 | D        | Killed a spriggan air mage
   949 | D        | Reached skill level 10 in Armour
   956 | D        | Killed a spriggan air mage
   966 | D        | Entered arena 15.
   967 | D        | Noticed a dire elephant
   967 | D        | Noticed a spriggan air mage
   968 | D        | Noticed a satyr
   968 | D        | Noticed a spriggan air mage
   968 | D        | Noticed a spriggan air mage
   968 | D        | Noticed a spriggan air mage
   978 | D        | Killed a spriggan air mage
   979 | D        | Killed a spriggan air mage
   985 | D        | Killed a spriggan air mage
   992 | D        | Killed a satyr
   998 | D        | Killed a spriggan air mage
  1001 | D        | Killed a dire elephant
  1080 | D        | Reached skill level 1 in Evocations
  1145 | D        | Got the +1 cloak "Qaleyblu" {rElec rC+ Slay+3}
  1195 | D        | Entered arena 16.
  1199 | D        | Noticed a ghoul
  1200 | D        | Noticed a shadow dragon
  1200 | D        | Noticed a shadow dragon
  1212 | D        | Killed a ghoul
  1216 | D        | Killed a shadow dragon
  1216 | D        | Gained mutation: You are in touch with the powers of death. [Mummy growth]
  1216 | D        | Reached XP level 13. HP: 114/114 MP: 13/13
  1223 | D        | Killed a shadow dragon
  1240 | D        | Got the cursed ring "Deoth" {rPois rN++ AC-3}
  1241 | D        | Entered arena 17.
  1244 | D        | Noticed a deep elf master archer
  1245 | D        | Noticed a deep elf master archer
  1245 | D        | Noticed a deep elf annihilator
  1245 | D        | Noticed a deep elf blademaster
  1250 | D        | Reached skill level 15 in Fighting
  1254 | D        | Reached skill level 5 in Stealth
  1254 | D        | Reached skill level 15 in Shields
  1258 | D        | Killed a deep elf master archer
  1265 | D        | Killed a deep elf master archer
  1274 | D        | Killed a deep elf blademaster
  1277 | D        | Killed a deep elf annihilator
  1307 | D        | Entered arena 18.
  1311 | D        | Noticed a greater mummy
  1327 | D        | Killed a greater mummy
  1327 | D        | Reached XP level 14. HP: 128/128 MP: 15/15
  1370 | D        | Entered arena 19.
  1375 | D        | Noticed Agnes
  1375 | D        | Noticed Harold
  1375 | D        | Noticed Saint Roka
  1375 | D        | Noticed Gastronok
  1375 | D        | Noticed Eustachio
  1375 | D        | Noticed Psyche
  1375 | D        | Noticed Josephine
  1375 | D        | Noticed Dowan
  1376 | D        | Noticed Menkaure
  1376 | D        | Noticed Nikola
  1376 | D        | Noticed Terence
  1376 | D        | Noticed Sigmund
  1376 | D        | Noticed Joseph
  1376 | D        | Noticed Nessos
  1376 | D        | Noticed Louise
  1376 | D        | Noticed Sonja
  1376 | D        | Noticed Grum
  1376 | D        | Noticed Ijyb
  1377 | D        | Killed Eustachio
  1382 | D        | Killed Dowan
  1384 | D        | Killed Ijyb
  1387 | D        | Killed Agnes
  1388 | D        | Killed Josephine
  1390 | D        | Killed Menkaure
  1391 | D        | Killed Psyche
  1391 | D        | Killed Harold
  1396 | D        | Killed Saint Roka
  1396 | D        | Killed Louise
  1397 | D        | Killed Terence
  1397 | D        | Killed Joseph
  1397 | D        | Killed Sonja
  1401 | D        | Killed Gastronok
  1403 | D        | Killed Grum
  1408 | D        | Killed Nikola
  1408 | D        | Killed Nessos
  1409 | D        | Killed Sigmund
  1428 | D        | Got the ring of Music {rPois rC+}
  1442 | D        | Entered arena 20.
  1447 | D        | Noticed a greater mummy
  1447 | D        | Noticed a greater mummy
  1447 | D        | Noticed a greater mummy
  1461 | D        | Killed a greater mummy
  1477 | D        | Killed a greater mummy
  1477 | D        | Noticed a reaper
  1484 | D        | Killed a greater mummy
  1484 | D        | Reached XP level 15. HP: 144/144 MP: 17/17
  1534 | D        | Entered arena 21.
  1538 | D        | Noticed a glowing shapeshifter
  1538 | D        | Noticed a glowing shapeshifter
  1538 | D        | Noticed a glowing shapeshifter
  1539 | D        | Noticed a glowing shapeshifter
  1539 | D        | Noticed a shard shrike
  1539 | D        | Noticed a glowing shapeshifter
  1539 | D        | Noticed a hellephant
  1539 | D        | Noticed a titan
  1539 | D        | Noticed a glowing shapeshifter
  1539 | D        | Noticed a hellephant
  1539 | D        | Noticed a hellephant
  1539 | D        | a glowing shapeshifter changed into a hellephant
  1539 | D        | a glowing shapeshifter changed into a tyrant leech
  1539 | D        | Noticed a shard shrike
  1539 | D        | a glowing shapeshifter changed into a shard shrike
  1539 | D        | Noticed a shard shrike
  1539 | D        | a glowing shapeshifter changed into a shard shrike
  1540 | D        | Noticed a hellephant
  1540 | D        | Noticed a titan
  1540 | D        | Noticed a titan
  1540 | D        | a hellephant changed into a titan
  1540 | D        | Noticed a titan
  1540 | D        | a hellephant changed into a titan
  1540 | D        | Noticed a ghost moth
  1540 | D        | a glowing shapeshifter changed into a ghost moth
  1540 | D        | Noticed a titan
  1540 | D        | a shard shrike changed into a titan
  1541 | D        | Noticed a hellephant
  1541 | D        | a titan changed into a hellephant
  1541 | D        | Noticed a caustic shrike
  1541 | D        | a titan changed into a caustic shrike
  1541 | D        | Noticed a juggernaut
  1541 | D        | a titan changed into a juggernaut
  1543 | D        | Noticed a titan
  1543 | D        | a hellephant changed into a titan
  1543 | D        | Noticed a shard shrike
  1543 | D        | a hellephant changed into a shard shrike
  1543 | D        | Noticed a hellephant
  1543 | D        | a juggernaut changed into a hellephant
  1543 | D        | Noticed a juggernaut
  1543 | D        | a glowing shapeshifter changed into a juggernaut
  1544 | D        | Noticed a shard shrike
  1544 | D        | a titan changed into a shard shrike
  1544 | D        | Noticed a titan
  1544 | D        | a shard shrike changed into a titan
  1544 | D        | Noticed an iron dragon
  1544 | D        | a juggernaut changed into an iron dragon
  1546 | D        | Noticed a titan
  1546 | D        | a shard shrike changed into a titan
  1546 | D        | Noticed a hellephant
  1546 | D        | a shard shrike changed into a hellephant
  1546 | D        | Noticed a golden dragon
  1546 | D        | a hellephant changed into a golden dragon
  1546 | D        | Noticed an acid blob
  1546 | D        | an iron dragon changed into an acid blob
  1547 | D        | Noticed a shadow dragon
  1547 | D        | an acid blob changed into a shadow dragon
  1548 | D        | Noticed a hellephant
  1548 | D        | a titan changed into a hellephant
  1548 | D        | Noticed a caustic shrike
  1548 | D        | a golden dragon changed into a caustic shrike
  1549 | D        | Noticed a titan
  1549 | D        | a hellephant changed into a titan
  1550 | D        | Slain by a titan (glowing shapeshifter)

Vault maps used:
D:        sprint_v

Skill      XL: |  1  2  3  4  5  6  7  8  9 10 11 12 13 14 |
---------------+-------------------------------------------+-----
Fighting       | 6 7 8 9 10 11 12 13 14 17 21 | 21.3
Axes           | 3 4 5 6 8 10 13 15 17 19 21 | 21.3
Armour         | 5 6 7 8 9 10 | 10.6
Shields        | 4 5 6 7 8 9 10 11 13 14 16 18 | 18.6
Dodging        | 1 2 3 4 5 6 7 |  7.9
Stealth        | 1 3 4 6 7 |  7.9
Evocations     | 1 2 |  2.7

Action                   |  1- 3 |  4- 6 |  7- 9 | 10-12 | 13-15 || total
-------------------------+-------+-------+-------+-------+-------++-------
Melee: Broad axe         |     2 |     6 |    34 |   141 |   152 ||   335
       Staff             |       |       |       |     3 |       ||     3
Evoke: Wand              |       |       |     1 |     2 |     1 ||     4
       Box of beasts     |       |       |       |       |     2 ||     2
       Phantom mirror    |       |       |       |       |     2 ||     2
  Use: Scroll            |       |       |       |     4 |     1 ||     5
 Stab: Distracted        |       |       |       |     5 |     6 ||    11
       Paralysed         |       |       |       |       |     1 ||     1
Armor: Fire dragon armou |     2 |     5 |    10 |    79 |    55 ||   151
Dodge: Dodged            |       |       |     6 |    44 |    30 ||    80
Block: Shield            |     4 |    16 |    48 |   269 |   269 ||   606
